[Event "Titled Tuesday Blitz July 26 Early 2022"]
[White "Derraugh, Geordie"]
[Black "Manukian, Artak"]
[WhiteFideId "2603950"]
[BlackFideId "13301373"]
[WhiteElo "2116"]
[BlackElo "2327"]
[Result "1-0"]
[Round "08"]
[TimeControl "180+1"]
[Date "2022.07.27"]
[WhiteClock "0:00:07"]
[BlackClock "0:00:03"]

1. e4 c6 2. c4 d5 3. exd5 cxd5 4. cxd5 Nf6 5. Nc3 g6 6. Bc4 Bg7 7. d3 O-O 8. Nf3 Nbd7 9. Qb3 Nb6 10. O-O Bf5 11. Rd1 Bg4 12. Be3 Bxf3 13. gxf3 Nfd7 14. a4 Ne5 15. f4 Nf3+ 16. Kg2 Nd4 17. Bxd4 Bxd4 18. a5 Nd7 19. Ne2 Bf6 20. d4 b6 21. a6 Rc8 22. Rac1 Bg7 23. Ng3 Nf6 24. f5 Qd6 25. Re1 Rfd8 26. fxg6 hxg6 27. Rc3 Ne8 28. Rce3 Rc7 29. Re4 Rdc8 30. Bb5 Nf6 31. Re5 Nd7 32. Rxe7 Nf6 33. Rxc7 Rxc7 34. Bc6 Re7 35. Rxe7 Qxe7 36. Qf3 Bf8 37. Qf4 Qd6 38. Qxd6 Bxd6 39. Kf3 Kg7 40. h3 Bb4 41. Ne2 Nh5 42. Nc3 Bxc3 43. bxc3 Kf6 44. Ke4 Ke7 45. Ke5 f6+ 46. Ke4 Kd6 47. c4 Ng7 48. Kd3 Nf5 49. Be8 Ne7 50. Ke4 g5 51. Bh5 f5+ 52. Kd3 Ng8 53. Bg6 Ne7 54. Bf7 f4 55. Be6 Ng6 56. Ke4 Nh4 57. Bg4 Ke7 58. c5 bxc5 59. dxc5 Kd8 60. d6 Ng6 61. Kd5 f3 62. Bxf3 Nf4+ 63. Kc6 Nxh3 64. Kb7 Nxf2 65. c6 1-0


[Site "https://www.chess.com"]

[Event "Titled Tuesday Blitz July 26 Early 2022"]
[White "Dubov, Daniil"]
[Black "Aravindh, Chithambaram VR."]
[WhiteFideId "24126055"]
[BlackFideId "5072786"]
[WhiteElo "2791"]
[BlackElo "2577"]
[Result "1-0"]
[Round "08"]
[TimeControl "180+1"]
[Date "2022.07.26"]
[WhiteClock "0:01:31"]
[BlackClock "0:00:01"]

1. Nf3 g6 2. e4 Bg7 3. d4 d6 4. Nc3 Nf6 5. Be2 O-O 6. O-O Nc6 7. Be3 Bg4 8. h3 Bxf3 9. Bxf3 e5 10. dxe5 dxe5 11. Be2 Nd4 12. Bc4 c6 13. a4 a6 14. a5 Qc7 15. Re1 Rad8 16. Qc1 Rd7 17. Na4 Nxe4 18. c3 c5 19. Nb6 Nf5 20. Nxd7 Qxd7 21. Qc2 Nxe3 22. Qxe4 Nxc4 23. Qxc4 Qc7 24. Red1 h5 25. Rd5 Rc8 26. Rad1 Qc6 27. Rd6 Qe8 28. Qd5 e4 29. Qxb7 e3 30. Qxc8 Qxc8 31. Rd8+ 1-0


[Site "https://www.chess.com"]

[Event "Titled Tuesday Blitz July 26 Early 2022"]
[White "Erenberg, Ariel"]
[Black "Yuan, Qingyu"]
[WhiteFideId "2811634"]
[BlackFideId "8609772"]
[WhiteElo "2243"]
[BlackElo "2359"]
[Result "0-1"]
[Round "08"]
[TimeControl "180+1"]
[Date "2022.07.26"]
[WhiteClock "0:00:01"]
[BlackClock "0:00:02"]

1. Nf3 d5 2. c4 e6 3. e3 Nf6 4. Nc3 Nbd7 5. b3 Bd6 6. Bb2 O-O 7. Qc2 a6 8. Be2 Re8 9. g4 dxc4 10. bxc4 Nxg4 11. Rg1 f5 12. O-O-O b5 13. Rg2 Bb7 14. Rdg1 g6 15. Rxg4 fxg4 16. Rxg4 Nf8 17. Ne4 Bxe4 18. Qxe4 Qe7 19. c5 e5 20. cxd6 cxd6 21. Bd1 Rac8+ 22. Kb1 Kh8 23. Bb3 a5 24. h4 Nd7 25. Ng5 Nf6 26. Qf3 Nxg4 27. Qxg4 a4 28. Bd5 Rf8 29. f4 Qc7 30. Be4 Qc4 31. Qg2 a3 32. Bxa3 b4 33. Bb2 Rc5 34. h5 Ra5 35. hxg6 Qxa2+ 36. Kc1 Rc5+ 37. Kd1 Qxb2 38. Nf7+ Rxf7 39. gxf7 Qb3+ 40. Ke1 Qxf7 41. Qg5 Rc8 42. Qh6 b3 43. Qxd6 b2 44. Qxe5+ Qg7 45. Qb5 Qd7 0-1


[Site "https://www.chess.com"]

[Event "Titled Tuesday Blitz July 26 Early 2022"]
[White "Fajdetic, Hrvoje"]
[Black "Shuvalov, Evgenij"]
[WhiteFideId "14501945"]
[BlackFideId "4187237"]
[WhiteElo "2172"]
[BlackElo "2042"]
[Result "1-0"]
[Round "08"]
[TimeControl "180+1"]
[Date "2022.07.27"]
[WhiteClock "0:00:18"]
[BlackClock "0:00:29"]

1. b3 d5 2. Bb2 Nf6 3. f4 e6 4. Nf3 Be7 5. e3 c5 6. d3 Nc6 7. Be2 Qc7 8. O-O b5 9. a4 b4 10. Qe1 O-O 11. Ne5 Nd7 12. Nxd7 Bxd7 13. Qg3 d4 14. e4 e5 15. f5 Qd8 16. Bc1 Kh8 17. Nd2 Bg5 18. Nc4 Bxc1 19. Raxc1 f6 20. Qh4 Qe7 21. Rf3 h6 22. g4 Kg8 23. Kh1 Be8 24. Rg1 Bf7 25. Qg3 Rfb8 26. h4 Kf8 27. g5 hxg5 28. hxg5 Ke8 29. Rf2 Kd7 30. Rh2 Rh8 31. gxf6 gxf6 32. Qg7 Rxh2+ 33. Kxh2 Rg8 34. Qh6 Rxg1 35. Kxg1 Bxc4 36. dxc4 d3 37. Bxd3 Nd4 38. Kf2 Qf7 39. Qh8 Kc7 40. Be2 Nxc2 41. Bh5 Qd7 42. Qxf6 Qd2+ 43. Kg3 Qf4+ 44. Kh3 Qe3+ 45. Kh4 Qxe4+ 46. Bg4 Ne3 47. Qg7+ Kb6 48. Qf6+ Kb7 49. Qg7+ Ka6 50. Qf6+ Kb7 51. Qe7+ Kb6 52. Qd6+ Qc6 53. Qxc6+ Kxc6 54. f6 Kd6 55. Kg5 Nxg4 56. Kxg4 Ke6 57. Kg5 Kf7 58. Kf5 e4 59. Kxe4 Kxf6 60. Kd5 Kf5 61. Kxc5 Ke4 62. Kxb4 Kd4 63. Kb5 Kc3 64. b4 Kd4 65. c5 Kd5 66. Ka5 Kc4 67. c6 Kd5 68. c7 Kc6 69. c8=Q+ Kd6 70. Qa6+ Kd5 71. Qxa7 Ke4 72. Qc5 Kd3 73. Kb5 Kd2 74. a5 Ke2 75. a6 Kf3 76. a7 Ke2 77. a8=Q Kf1 78. Qad5 Ke1 79. Qe7+ Kf2 80. Qdf7+ Kg3 81. Qg5+ Kh3 82. Qfh5# 1-0


[Site "https://www.chess.com"]

[Event "Titled Tuesday Blitz July 26 Early 2022"]
[White "Garrido, Denis"]
[Black "Estrada Nieto, Julian"]
[WhiteFideId "601217"]
[BlackFideId "5101018"]
[WhiteElo "2420"]
[BlackElo "2252"]
[Result "1-0"]
[Round "08"]
[TimeControl "180+1"]
[Date "2022.07.27"]
[WhiteClock "0:00:11"]
[BlackClock "0:00:01"]

1. e4 e5 2. Nf3 Nc6 3. Bb5 a6 4. Ba4 Nf6 5. Nc3 b5 6. Bb3 Be7 7. a4 b4 8. Nd5 O-O 9. Nxf6+ Bxf6 10. Bd5 Rb8 11. d3 Ne7 12. Bb3 d5 13. O-O Be6 14. exd5 Bxd5 15. Bxd5 Qxd5 16. Re1 c5 17. Nd2 Nc6 18. Nc4 Rfe8 19. Re4 g6 20. Ne3 Qd7 21. Qf3 Bg7 22. Rh4 Nd4 23. Qd1 f5 24. f3 Qe7 25. Rh3 e4 26. f4 exd3 27. Qxd3 b3 28. c3 Nc2 29. Nxc2 bxc2 30. Re3 Qc7 31. Qxc2 Rxe3 32. Bxe3 Re8 33. Qd3 c4 34. Qd5+ Kh8 35. Kf2 Qb8 36. Rb1 Qb3 37. Qd2 h6 38. Re1 Qxa4 39. Bd4 Rxe1 40. Bxg7+ Kxg7 41. Kxe1 Qe8+ 42. Kf2 Qe7 43. Qd4+ Kh7 44. Qxc4 Qd6 45. Qd4 Qc6 46. b4 Qc7 47. g3 h5 48. h4 Qe7 49. Qe5 Qd7 50. Ke2 Qa4 51. Qe7+ Kh6 52. Qf8+ Kh7 53. Qf7+ Kh6 54. Kd2 Qa3 55. Kd3 Qa1 56. Qf8+ Kh7 57. Qf7+ Kh6 58. Kd4 Qd1+ 59. Kc5 Qf3 60. Qf8+ Kh7 61. Qf7+ Kh6 62. c4 Qxg3 63. b5 Qe3+ 64. Kc6 axb5 65. cxb5 Qe4+ 66. Qd5 Qxf4 67. b6 Qb8 68. Qd6 Qc8+ 69. Qc7 Qa6 70. Qe7 Qc4+ 71. Kb7 Qd5+ 72. Kc8 Qc6+ 73. Qc7 Qa8+ 74. Qb8 Qc6+ 75. Qc7 Qa8+ 76. Kd7 Qd5+ 77. Qd6 Qb7+ 78. Ke6 Qc8+ 79. Kf6 Qh8+ 80. Ke6 Qc8+ 81. Kd5 Qb7+ 82. Kc5 Qa6 83. Qf8+ Kh7 84. Qe7+ Kh6 85. Qg5+ Kh7 86. Qe7+ Kh6 87. b7 Qa5+ 88. Kc6 Qa6+ 89. Kc7 Qa5+ 90. Kb8 Qd5 91. Qf8+ Kh7 92. Qe7+ Kh6 93. Qc7 f4 94. Qxf4+ Kg7 95. Qc7+ Kh6 96. Kc8 Qe6+ 97. Qd7 Qc4+ 98. Kd8 Qb4 99. Qc7 Qf8+ 100. Kd7 Qf7+ 101. Kc6 Qc4+ 102. Kb6 Qb4+ 103. Kc6 Qc4+ 104. Kb6 Qb4+ 105. Ka7 Qa4+ 106. Kb8 Qe4 107. Qd6 Qe8+ 108. Kc7 Qf7+ 109. Qd7 Qc4+ 110. Qc6 Qf7+ 111. Qd7 Qc4+ 112. Kd8 Qg8+ 113. Ke7 Qg7+ 114. Ke6 Qg8+ 115. Kd6 Qf8+ 116. Qe7 1-0


[Site "https://www.chess.com"]

[Event "Titled Tuesday Blitz July 26 Early 2022"]
[White "Gil Alba, Hector Luis"]
[Black "Kucuksari, Kaan"]
[WhiteFideId "3504670"]
[BlackFideId "6380166"]
[WhiteElo "2331"]
[BlackElo "2305"]
[Result "0-1"]
[Round "08"]
[TimeControl "180+1"]
[Date "2022.07.27"]
[WhiteClock "0:00:00"]
[BlackClock "0:01:10"]

1. e4 c5 2. Nf3 Nc6 3. Bb5 g6 4. O-O Bg7 5. Re1 e5 6. Bxc6 dxc6 7. b4 cxb4 8. a3 bxa3 9. Bxa3 Ne7 10. d4 exd4 11. e5 O-O 12. Nbd2 Re8 13. Ne4 Nf5 14. h3 h5 15. Nd6 Nxd6 16. Bxd6 b6 17. Nxd4 Qd7 18. Qf3 Bb7 19. Qg3 c5 20. e6 fxe6 21. Ne2 Bxa1 22. Rxa1 Qg7 23. Be5 Qf7 24. Nf4 Kh7 25. h4 Qf5 26. Nh3 Red8 27. Ng5+ Kg8 28. Ra4 Rd5 29. Ba1 Rf8 30. Kh2 Qxf2 31. Rxa7 Qxg3+ 32. Kxg3 Rd7 33. Nxe6 Re8 34. Nf4 Re3+ 35. Kf2 Re4 36. Nxg6 Rg4 37. Ne5 Rxg2+ 38. Ke3 Re7 39. Kf4 Rf2+ 40. Kg5 Rg7+ 41. Kxh5 Rfg2 42. Ng4 R2xg4 43. Bxg7 Rxg7 44. Kh6 Rh7+ 45. Kg5 Be4 46. Ra6 Rb7 47. c4 Kh7 48. h5 Bd3 49. Ra4 b5 50. cxb5 Bxb5 51. Re4 Bd3 52. Re6 Rg7+ 53. Kf4 c4 54. h6 Rg6 55. Re7+ Kxh6 56. Ke3 Kg5 57. Kd2 Kf4 58. Kc3 Rb6 59. Rd7 Ke3 60. Re7+ Kf2 61. Rd7 Rc6 62. Re7 Be2 0-1


[Site "https://www.chess.com"]

[Event "Titled Tuesday Blitz July 26 Early 2022"]
[White "Gundam, Rohit"]
[Black "Navarrete Mendez, Gonzalo Alberto"]
[WhiteFideId "75002809"]
[BlackFideId "5106850"]
[WhiteElo "2424"]
[BlackElo "2261"]
[Result "1-0"]
[Round "08"]
[TimeControl "180+1"]
[Date "2022.07.27"]
[WhiteClock "0:00:15"]
[BlackClock "0:00:21"]

1. d4 d5 2. Nf3 Nf6 3. c4 e6 4. Nc3 Bb4 5. Qa4+ Nc6 6. e3 Ne4 7. Bd2 Bxc3 8. Bxc3 O-O 9. Rc1 Kh8 10. Bd3 f5 11. O-O Bd7 12. Qc2 Be8 13. Nd2 Qg5 14. b4 Rf6 15. Nf3 Qh5 16. b5 Ne7 17. Ne5 Rh6 18. h3 Ng5 19. f4 Nxh3+ 20. gxh3 Qxh3 21. Nf3 Rg6+ 22. Ng5 h6 23. Rf2 Qxe3 24. Re1 Qg3+ 25. Rg2 Qxf4 26. Nh3 Qh4 27. Nf2 Rxg2+ 28. Kxg2 Qg5+ 29. Kf1 Ng6 30. Bd2 Qf6 31. cxd5 exd5 32. Qxc7 Qxd4 33. Qc3 Qh4 34. Bxf5 Bxb5+ 35. Bd3 Bxd3+ 36. Qxd3 Qf6 37. Bc3 Qf7 38. Qh3 Kh7 39. Re3 Rf8 40. Qg3 d4 41. Bxd4 Qc4+ 42. Rd3 Qc1+ 43. Kg2 Nf4+ 44. Kh2 Rf7 45. Rf3 g5 46. Be3 Qc7 47. Bxf4 Rxf4 48. Rxf4 Qxf4 49. Qxf4 gxf4 50. Kh3 Kg6 51. Kg4 Kf6 52. Kxf4 Ke6 53. Ke4 Kd6 54. Kd4 h5 55. Nh3 h4 56. Kc4 Ke5 57. Kc5 Ke4 58. a4 Kd3 59. Kb4 Kd4 60. Ng5 b6 61. Nf3+ Kd5 62. Nxh4 Kc6 63. Nf3 a5+ 64. Kc4 b5+ 65. axb5+ Kb6 66. Nd4 a4 67. Kb4 a3 68. Kxa3 Kc5 69. Ka4 Kxd4 70. Ka5 Kc5 71. Ka6 Kd6 72. b6 Kc6 73. Ka7 Kd5 74. b7 Ke4 75. b8=Q Kd3 76. Qb6 Kc4 77. Kb7 Kd5 78. Qc6+ Kd4 79. Kc7 Kd3 80. Qd6+ Ke4 81. Kc6 Ke3 82. Qd5 Kf4 83. Kd6 1-0


[Site "https://www.chess.com"]

[Event "Titled Tuesday Blitz July 26 Early 2022"]
[White "Gunina, Valentina"]
[Black "Munkhgal, Gombosuren"]
[WhiteFideId "4167570"]
[BlackFideId "4901266"]
[WhiteElo "2386"]
[BlackElo "2576"]
[Result "1-0"]
[Round "08"]
[TimeControl "180+1"]
[Date "2022.07.26"]
[WhiteClock "0:00:34"]
[BlackClock "0:00:24"]

1. d4 Nf6 2. c4 g6 3. Nc3 Bg7 4. e4 d6 5. Nf3 O-O 6. Be2 e5 7. Be3 exd4 8. Nxd4 Re8 9. f3 c6 10. O-O d5 11. cxd5 Nxd5 12. Nxd5 cxd5 13. Qb3 a5 14. Bb5 Bd7 15. Rad1 a4 16. Qxd5 Bxb5 17. Nxb5 Qxd5 18. Rxd5 Na6 19. Nd6 Re7 20. Rb5 Rd8 21. Nxb7 Rb8 22. Nd6 Rxb5 23. Nxb5 Rb7 24. Nc3 a3 25. Rd1 h6 26. Nb1 Bxb2 27. Bxh6 Nb4 28. Rd8+ Kh7 29. Bg5 Nxa2 30. Nxa3 f6 31. Nc4 fxg5 32. Rd2 Nc3 33. Rxb2 Ra7 34. h3 Ra1+ 35. Kh2 Nd1 36. Rb7+ Kh6 37. Ne5 g4 38. Nxg4+ Kg5 39. Kg3 1-0


[Site "https://www.chess.com"]

[Event "Titled Tuesday Blitz July 26 Early 2022"]
[White "Guzman, Christopher"]
[Black "Papasimakopoulos, Alexandros"]
[WhiteFideId "6405096"]
[BlackFideId "4244125"]
[WhiteElo "2244"]
[BlackElo "2340"]
[Result "0-1"]
[Round "08"]
[TimeControl "180+1"]
[Date "2022.07.26"]
[WhiteClock "0:00:13"]
[BlackClock "0:01:13"]

1. e4 e6 2. d4 d5 3. exd5 exd5 4. Nf3 Bg4 5. Bd3 Bd6 6. O-O Nc6 7. Re1+ Nge7 8. c3 Qd7 9. Be3 f6 10. Nbd2 h5 11. Qc2 O-O-O 12. b4 Bf5 13. a4 Bxd3 14. Qxd3 Qf5 15. Qxf5+ Nxf5 16. Nf1 g5 17. Ng3 Nce7 18. Nxf5 Nxf5 19. Nd2 g4 20. Nf1 h4 21. Bd2 Kd7 22. Re2 Rdg8 23. Rae1 a6 24. Ne3 Nxe3 25. Rxe3 f5 26. Re6 f4 27. Rf6 f3 28. Rf7+ Kc8 29. Bf4 Bxf4 30. Rxf4 fxg2 31. Kxg2 Rh7 32. Re5 c6 33. Ref5 Rgg7 34. Rf8+ Kc7 35. Re8 Kb6 36. Ref8 a5 37. Ra8 axb4 38. cxb4 Rg6 39. Kf1 Re7 40. Raf8 g3 41. hxg3 hxg3 42. R8f6 g2+ 0-1


[Site "https://www.chess.com"]

[Event "Titled Tuesday Blitz July 26 Early 2022"]
[White "Hansen, Eric"]
[Black "Martinez Alcantara, Jose Eduardo"]
[WhiteFideId "2606771"]
[BlackFideId "3805662"]
[WhiteElo "2568"]
[BlackElo "2703"]
[Result "0-1"]
[Round "08"]
[TimeControl "180+1"]
[Date "2022.07.26"]
[WhiteClock "0:00:05"]
[BlackClock "0:00:08"]

1. e4 Nc6 2. Nf3 d6 3. d4 Nf6 4. Nc3 g6 5. h3 Bg7 6. Bb5 O-O 7. Bxc6 bxc6 8. O-O Nd7 9. Be3 Rb8 10. Rb1 Bb7 11. Qd2 c5 12. Bh6 cxd4 13. Nxd4 Nf6 14. Rfe1 e5 15. Nb3 Nh5 16. Bg5 f6 17. Be3 f5 18. f3 a6 19. Na5 Ba8 20. Qd3 Nf4 21. Qc4+ Kh8 22. Nc6 Bxc6 23. Qxc6 Qh4 24. Bxf4 exf4 25. exf5 gxf5 26. Qc4 Rxb2 27. Re2 Rxb1+ 28. Nxb1 Qf6 29. Qxc7 Qd4+ 30. Kf1 Be5 31. Nd2 Rg8 32. Qc4 Qb6 33. Qb3 Qd4 34. Nc4 Bf6 35. Re1 Bh4 36. Qb2 Qxb2 37. Nxb2 Bxe1 38. Kxe1 Rxg2 39. Nd3 Rg3 40. Kf2 Rxh3 41. Nxf4 Rh2+ 42. Ng2 Kg8 43. Kg3 Rh1 44. Ne3 Ra1 45. Nxf5 Rxa2 46. c4 Rd2 47. Kf4 a5 48. Ke3 Rd1 49. Ke2 Rb1 50. Kd2 a4 51. Kc2 Rb6 52. Ne7+ Kg7 53. Nd5 Rb7 0-1


[Site "https://www.chess.com"]

[Event "Titled Tuesday Blitz July 26 Early 2022"]
[White "Harsh Suresh"]
[Black "Pakleza, Zbigniew"]
[WhiteFideId "45018464"]
[BlackFideId "1119290"]
[WhiteElo "2059"]
[BlackElo "2467"]
[Result "1-0"]
[Round "08"]
[TimeControl "180+1"]
[Date "2022.07.26"]
[WhiteClock "0:00:05"]
[BlackClock "0:00:01"]

1. d4 d6 2. Nf3 Bg4 3. e4 Nf6 4. Bd3 e6 5. O-O Be7 6. c4 c6 7. Nc3 O-O 8. h3 Bh5 9. Qb3 Qb6 10. Qxb6 axb6 11. Nd2 d5 12. cxd5 cxd5 13. e5 Nfd7 14. f4 f5 15. exf6 Bxf6 16. Nb3 Nc6 17. f5 Nxd4 18. Nxd4 Bxd4+ 19. Kh2 Nc5 20. Bc2 Be5+ 21. Bf4 Bxf4+ 22. Rxf4 e5 23. Rh4 Bf7 24. b4 Nd7 25. Nb5 Nf6 26. Nd6 d4 27. Re1 Rxa2 28. Nxf7 Rxc2 29. Nxe5 Rd8 30. Rd1 Rd5 31. Nf3 d3 32. Rd4 Rxf5 33. R1xd3 h6 34. Kg3 Rb5 35. Rd2 Rc3 36. Kf2 Kh7 37. g4 Rb3 38. Kg3 R5xb4 39. Rxb4 Rxb4 40. Rd8 b5 41. Rb8 Ne4+ 42. Kg2 Rb2+ 43. Kg1 Nc5 44. Rc8 b6 45. Rc6 Na4 46. g5 g6 47. Rc7+ 1-0


[Site "https://www.chess.com"]

[Event "Titled Tuesday Blitz July 26 Early 2022"]
[White "Harshavardhan G B"]
[Black "Kozak, Adam"]
[WhiteFideId "25059009"]
[BlackFideId "753246"]
[WhiteElo "1831"]
[BlackElo "2459"]
[Result "1-0"]
[Round "08"]
[TimeControl "180+1"]
[Date "2022.07.26"]
[WhiteClock "0:01:30"]
[BlackClock "0:00:36"]

1. e4 e5 2. Nf3 Nc6 3. Bb5 Nf6 4. O-O Nxe4 5. d4 Nd6 6. Ba4 e4 7. Ne5 Be7 8. Re1 O-O 9. Nc3 f5 10. Bb3+ Kh8 11. Qh5 Nxe5 12. dxe5 g6 13. Qh3 Nf7 14. Bf4 Bg5 15. Qg3 Bxf4 16. Qxf4 Qg5 17. Qxg5 Nxg5 18. Rad1 Kg7 19. Nb5 c6 20. Nd6 Nf7 21. Bxf7 Rxf7 22. Nxf7 Kxf7 23. f3 exf3 24. gxf3 a5 25. e6+ dxe6 26. Rd8 Kf6 27. f4 b6 28. Red1 c5 29. Rf8+ Ke7 30. Rdd8 1-0


[Site "https://www.chess.com"]

[Event "Titled Tuesday Blitz July 26 Early 2022"]
[White "Ibarra Jerez, Jose Carlos"]
[Black "Sorkin, Igor"]
[WhiteFideId "2226332"]
[BlackFideId "2803283"]
[WhiteElo "2628"]
[BlackElo "2401"]
[Result "1-0"]
[Round "08"]
[TimeControl "180+1"]
[Date "2022.07.26"]
[WhiteClock "0:01:18"]
[BlackClock "0:01:16"]

1. e4 c5 2. Nc3 e6 3. Nf3 a6 4. d4 cxd4 5. Nxd4 d6 6. g3 Nf6 7. Bg2 Be7 8. O-O O-O 9. a4 Qc7 10. g4 Nc6 11. g5 Nd7 12. Nb3 b6 13. f4 Re8 14. Rf3 Bf8 15. Rh3 g6 16. f5 Nde5 17. f6 Rb8 18. Qe1 Nb4 19. Nd4 Qc5 20. Be3 Qc7 21. Rd1 d5 22. Qh4 h6 23. Bf4 dxe4 24. Qg3 1-0


[Site "https://www.chess.com"]

[Event "Titled Tuesday Blitz July 26 Early 2022"]
[White "Iljin, Timofey"]
[Black "Janaszak, Dawid"]
[WhiteFideId "14110180"]
[BlackFideId "1119206"]
[WhiteElo "2404"]
[BlackElo "2199"]
[Result "0-1"]
[Round "08"]
[TimeControl "180+1"]
[Date "2022.07.27"]
[WhiteClock "0:00:13"]
[BlackClock "0:01:07"]

1. e4 c5 2. c3 e5 3. g3 Nc6 4. Bg2 Nf6 5. f4 d5 6. d3 Bg4 7. Ne2 Be7 8. h3 Be6 9. O-O dxe4 10. dxe4 Qxd1 11. Rxd1 O-O 12. Be3 Bc4 13. Kf2 Rfd8 14. Na3 Rxd1 15. Rxd1 Bxa2 16. Nc1 Be6 17. f5 Bd7 18. g4 h6 19. Nb5 Rd8 20. Bf3 a6 21. Nd6 Bc8 22. Bxc5 Ne8 23. Nxc8 Bxc5+ 24. Kg3 Rxc8 25. Rd7 Rc7 26. Rd5 Be7 27. Nd3 Nf6 28. Nb4 Nxd5 29. Nxd5 Rd7 30. Bd1 Bd8 31. Bb3 Ne7 32. c4 Nxd5 33. cxd5 Be7 34. h4 Kf8 35. Ba4 Rc7 36. Bd1 Rc1 37. Bf3 Rb1 38. g5 hxg5 39. hxg5 Rxb2 40. Kg4 f6 41. g6 Bd6 42. Kh5 a5 43. Kg4 a4 44. Kh5 a3 45. Bg4 a2 46. Bd1 a1=Q 47. Kh4 Ke7 48. Kg3 Kd8 49. Kh4 Kc7 50. Kg4 Kb6 51. Kh4 Kc5 52. Bf3 Kd4 53. Kg4 Ke3 54. Be2 Qg1+ 55. Kh4 Kf4 56. Kh3 Qg3# 0-1


[Site "https://www.chess.com"]

[Event "Titled Tuesday Blitz July 26 Early 2022"]
[White "Jarmula, Lukasz"]
[Black "Tica, Sven"]
[WhiteFideId "1160664"]
[BlackFideId "14526948"]
[WhiteElo "2246"]
[BlackElo "2346"]
[Result "1-0"]
[Round "08"]
[TimeControl "180+1"]
[Date "2022.07.27"]
[WhiteClock "0:00:17"]
[BlackClock "0:00:05"]

1. e4 g6 2. d4 Bg7 3. Nc3 a6 4. g4 b5 5. Bg2 Bb7 6. a3 d6 7. h4 Nd7 8. h5 c5 9. d5 Qc7 10. h6 Bxc3+ 11. bxc3 Ne5 12. g5 e6 13. dxe6 fxe6 14. Ne2 Ne7 15. Nf4 Bc8 16. Bh3 Qa5 17. Bd2 O-O 18. c4 Qa4 19. O-O Qxc4 20. Re1 Qd4 21. Be3 Qxd1 22. Rexd1 Nf3+ 23. Kg2 Nxg5 24. Rxd6 e5 25. Ne6 Nxh3 26. Nxf8 Kxf8 27. Rd8+ Kf7 28. Rh8 Nf4+ 29. Kg1 Ne2+ 30. Kh2 Nd4 31. Rxh7+ Kf6 32. c3 Nc2 33. Bxc5 Nxa1 34. Bxe7+ Ke6 35. Rh8 Ra7 36. Re8 Bd7 37. Rg8 Kxe7 38. h7 Be6 39. Rg7+ 1-0


[Site "https://www.chess.com"]

[Event "Titled Tuesday Blitz July 26 Early 2022"]
[White "Jeet, Jain"]
[Black "Demin, Vladimir"]
[WhiteFideId "5073022"]
[BlackFideId "4167457"]
[WhiteElo "2055"]
[BlackElo "2422"]
[Result "1-0"]
[Round "08"]
[TimeControl "180+1"]
[Date "2022.07.27"]
[WhiteClock "0:00:43"]
[BlackClock "0:00:01"]

1. b4 e5 2. Bb2 Bxb4 3. Bxe5 Nf6 4. Nf3 O-O 5. e3 d5 6. c4 Nbd7 7. Bb2 Re8 8. Be2 dxc4 9. Bxc4 a6 10. Ng5 Re7 11. Qb3 Qf8 12. O-O Bd6 13. Nc3 b5 14. Be2 Bb7 15. Qc2 h6 16. Nf3 Qe8 17. h3 Rc8 18. a3 c5 19. Qb3 c4 20. Qc2 Bb8 21. Na2 Qd8 22. a4 Qc7 23. g3 Be4 24. Qc3 Qb7 25. Nd4 Bg2 26. Nf5 Re5 27. Nh4 Bc6 28. Nb4 Rg5 29. Nxc6 Qxc6 30. axb5 axb5 31. Bf3 Qe6 32. Kh2 Ne5 33. Bg2 Rh5 34. f4 Nd3 35. Ba3 Nd5 36. Qd4 Bc7 37. f5 Qd7 38. Bxd5 Rd8 39. Qg4 Qxd5 40. Qxh5 Ne5 41. Rf2 Nd3 42. Rg2 b4 43. Bxb4 Nxb4 44. Ra7 Bb6 45. Re7 Nd3 46. Qg4 Ne1 47. Re2 1-0


[Site "https://www.chess.com"]

[Event "Titled Tuesday Blitz July 26 Early 2022"]
[White "Jiganchine, Roman"]
[Black "Gabriel, Robert"]
[WhiteFideId "2603667"]
[BlackFideId "4606477"]
[WhiteElo "2295"]
[BlackElo "2203"]
[Result "0-1"]
[Round "08"]
[TimeControl "180+1"]
[Date "2022.07.27"]
[WhiteClock "0:00:01"]
[BlackClock "0:00:07"]

1. Nf3 d5 2. e3 Bg4 3. c4 e6 4. cxd5 exd5 5. Qb3 Bc8 6. Nc3 c6 7. d4 Nf6 8. Bd3 Bd6 9. Kf1 O-O 10. h4 h5 11. g3 Bg4 12. Kg2 Qd7 13. Ng5 b5 14. Bd2 a5 15. a4 b4 16. Ne2 Bf5 17. Qc2 Bxd3 18. Qxd3 g6 19. f3 Re8 20. Rae1 Na6 21. e4 dxe4 22. fxe4 Bf8 23. Qf3 Bg7 24. e5 Nd5 25. Rhf1 Re7 26. Nf4 Nac7 27. e6 Nxf4+ 28. Bxf4 Nxe6 29. Nxe6 Rxe6 30. Rxe6 Qxe6 31. Be5 Bxe5 32. dxe5 Rd8 33. Rf2 c5 34. Qf4 c4 35. Rc2 Rc8 36. Qd4 c3 37. bxc3 Qb3 38. Qd3 Rxc3 39. Qd8+ Kh7 40. Rxc3 bxc3 41. Qc7 Qa2+ 42. Kh3 c2 43. g4 hxg4+ 44. Kxg4 Qe6+ 45. Kg3 Kg7 46. Qxc2 Qxe5+ 0-1


[Site "https://www.chess.com"]

[Event "Titled Tuesday Blitz July 26 Early 2022"]
[White "Kamsky, Gata"]
[Black "Hafiz, Arif Abdul"]
[WhiteFideId "2000024"]
[BlackFideId "7104227"]
[WhiteElo "2645"]
[BlackElo "2198"]
[Result "1-0"]
[Round "08"]
[TimeControl "180+1"]
[Date "2022.07.26"]
[WhiteClock "0:00:18"]
[BlackClock "0:00:03"]

1. e4 Nc6 2. d4 d5 3. e5 Bf5 4. Nf3 e6 5. Bd3 Bxd3 6. Qxd3 f6 7. exf6 gxf6 8. O-O Qd7 9. Bf4 O-O-O 10. Re1 Nge7 11. Nc3 Ng6 12. Bg3 Bd6 13. Re3 Bxg3 14. fxg3 e5 15. Qd2 e4 16. Nh4 Rhg8 17. Kh1 f5 18. Ne2 Nce7 19. Rf1 Nxh4 20. gxh4 Ng6 21. h5 Ne7 22. Nf4 Qd6 23. a3 Rg4 24. g3 Ng8 25. Ng2 Rf8 26. Re2 Rg7 27. Ref2 Rgf7 28. Rf4 Qe6 29. Ne3 Ne7 30. Qf2 Rg8 31. c3 Rg5 32. g4 Rfg7 33. h4 Rxg4 34. Rxg4 Rxg4 35. Nxg4 fxg4 36. Qf8+ Kd7 37. Rf6 Qg8 38. Qxg8 Nxg8 39. Rf7+ Ke6 40. Rxh7 e3 41. Kg1 g3 42. Kf1 Nf6 43. Rg7 Nxh5 44. Rg5 Nf4 45. Rxg3 e2+ 46. Ke1 Kf5 47. h5 Nxh5 48. Re3 Nf4 49. Re7 c6 50. b3 a5 51. Rxb7 Ke4 52. Kd2 e1=Q+ 53. Kxe1 Kd3 54. b4 a4 55. Ra7 Kxc3 56. Rxa4 Nd3+ 57. Ke2 Nb2 58. Ra6 Kxd4 59. Rxc6 Nc4 60. a4 Nb2 61. a5 Nd3 62. b5 Ne5 63. Rc7 1-0


[Site "https://www.chess.com"]

[Event "Titled Tuesday Blitz July 26 Early 2022"]
[White "Katzir, Moshe"]
[Black "Szczep, Zbigniew"]
[WhiteFideId "2802260"]
[BlackFideId "1102931"]
[WhiteElo "2097"]
[BlackElo "1983"]
[Result "0-1"]
[Round "08"]
[TimeControl "180+1"]
[Date "2022.07.27"]
[WhiteClock "0:00:10"]
[BlackClock "0:00:08"]

1. d4 d5 2. Bf4 e6 3. e3 Bd6 4. Bg3 Qe7 5. Nf3 Bxg3 6. hxg3 Qb4+ 7. Nbd2 Qxb2 8. Bd3 Qa3 9. O-O c5 10. Bb5+ Bd7 11. Qe2 c4 12. Bxd7+ Nxd7 13. e4 c3 14. Nb3 Ngf6 15. e5 Ne4 16. Qb5 Qa6 17. Qxa6 bxa6 18. Ne1 O-O 19. Nd3 Rfc8 20. Rfd1 Rc4 21. f3 Nxg3 22. Kf2 Nf5 23. Ne1 h5 24. g4 hxg4 25. fxg4 Nh6 26. g5 Nf5 27. Nf3 g6 28. Rh1 Kg7 29. Rh2 Rh8 30. Rg2 a5 31. Nxa5 Ra4 32. Nb3 Nb6 33. a3 Nc4 34. Rd1 Nxa3 35. Ne1 Nc4 36. Rd3 Nd2 37. Nxd2 cxd2 38. Rxd2 Rxd4 39. Rxd4 Nxd4 40. c3 Nb5 41. Nf3 Nxc3 42. Kg3 Ne4+ 43. Kg4 Rb8 44. Ra2 Rb7 45. Ra6 Nc3 46. Ra3 Nb5 47. Ra2 Nc3 48. Rd2 Ne4 49. Ra2 Rc7 50. Kf4 Rc4 51. Rxa7 Nd2+ 52. Kg3 Rc3 53. Ra2 Nxf3 54. Kg2 Nxe5 55. Re2 Nc4 56. Rf2 d4 57. Re2 d3 58. Re1 d2 59. Rd1 Rc1 60. Rxd2 Nxd2 61. Kg3 Rc4 62. Kf2 f6 63. Kg3 fxg5 64. Kg2 Kf6 65. Kf2 Kf5 66. Kg3 Rc3+ 67. Kf2 Kf4 68. Ke2 Nc4 69. Kd1 Ke3 70. Ke1 Rc1# 0-1


[Site "https://www.chess.com"]